 Dungeon Crawl Stone Soup version 0.31-a0-112-gdf0485fa37 (webtiles) character file.

Game seed: 15277706523427400483

4923 Edyrem the Protected (level 10, -5/93 HPs)
             Began as a Minotaur Berserker on May 29, 2023.
             Was a High Priest of Trog.
             Shot with an arrow by a centaur (11 damage)
             ... on level 7 of the Dungeon.
             The game lasted 00:15:08 (6266 turns).

Edyrem the Protected (Minotaur Berserker)           Turns: 6266, Time: 00:15:09

Health: -5/93      AC: 19    Str: 26    XL:     10   Next: 27%
Magic:  9/9        EV:  8    Int:  4    God:    Trog [*****.]
Gold:   151        SH:  4    Dex: 10    Spells: 9/9 levels left

rFire   . . .        a - +4 broad axe
rCold   . . .        f - +0 buckler
rNeg    . . .        l - +0 plate armour
rPois   .            (helmet restricted)
rElec   .            G - +1 cloak
rCorr   .            T - +0 pair of gloves {hurl}
SInv    +            (no boots)
Will    .....        r - amulet of magic regeneration Stlth
                     U - ring of the Stained Date {Slay+6 SInv}
HPRegen 0.35/turn    x - +4 ring of slaying
MPRegen 0.51/turn

%: no passive effects
@: studying Fighting
A: horns 2, retaliatory headbutt
a: Renounce Religion, Berserk, Trog's Hand, Brothers in Arms


You were on level 7 of the Dungeon.
You worshipped Trog.
Trog was extremely pleased with you.
You visited 1 branch of the dungeon, and saw 7 of its levels.
You also visited: Bailey.

You collected 623 gold pieces.
You spent 472 gold pieces at shops.

Inventory:

Hand Weapons
 a - a +4 broad axe (weapon)
 b - the +1 sling "Botuhann" {heavy, Int+3}
   (You found it on level 2 of the Dungeon)

   Int:       It affects your intelligence (+3).
 c - a +1 trident of protection
 d - a +3 scythe of flaming
 L - a +0 battleaxe
Missiles
 t - 18 boomerangs
 F - 5 poisoned darts (quivered)
 Q - a curare-tipped dart
 R - 6 silver boomerangs
 S - 9 throwing nets
Armour
 f - a +0 buckler (worn)
 k - a +0 kite shield
 l - a +0 plate armour (worn)
 G - a +1 cloak (worn)
 T - a +0 pair of gloves of hurling (worn)
Jewellery
 j - a ring of willpower
 q - a +5 ring of evasion
 r - an amulet of magic regeneration (around neck)
 v - a +4 ring of protection
 x - a +4 ring of slaying (right hand)
 O - a +6 ring of intelligence
 U - the ring of the Stained Date (left hand) {Slay+6 SInv}
   (You bought it in a shop on level 4 of the Dungeon)

   [ring of see invisible]

   Slay:      It affects your accuracy & damage with ranged weapons and melee
   (+6).
   SInv:      It lets you see invisible.
Wands
 H - a wand of charming (5)
 J - a wand of roots (10)
Scrolls
 e - a scroll of identify {@r1}
 h - 2 scrolls of amnesia {unknown}
 i - 3 scrolls of fear {unknown}
 o - a scroll of butterflies {unknown}
 p - 4 scrolls of teleportation
 s - 2 scrolls of blinking {unknown}
 u - 2 scrolls of magic mapping {unknown}
 B - a scroll of poison
 C - 2 scrolls of fog {unknown}
 D - 2 scrolls of immolation {unknown}
 I - 2 scrolls of enchant weapon {unknown}
 M - 3 scrolls of enchant armour {unknown}
 N - a scroll of brand weapon {unknown}
Potions
 g - 3 potions of curing {@q2}
 m - a potion of lignification
 n - 5 potions of heal wounds {@q1}
 y - a potion of brilliance {unknown}
 z - a potion of resistance {unknown}
 A - a potion of magic {unknown}
 E - a potion of mutation {unknown}
 K - a potion of invisibility {unknown}
Miscellaneous
 P - a piece from Xom's chessboard (15/15)


   Skills:
 + Level 10.0 Fighting
 + Level 9.7 Axes
 + Level 12.5 Armour
 - Level 3.2 Dodging
 * Level 2.7 Shields


You had 9 spell levels left.
You didn't know any spells.
Your spell library was empty.

Dungeon Overview and Level Annotations

Branches:
Dungeon (7/15)             Temple (0/1) D:5          Bailey (visited)

Altars:
Ashenzari
Elyvilon
Kikubaaqudgha
Makhleb
Ru

Shops:
D:4 =


Innate Abilities, Weirdness & Mutations

You have a pair of horns on your head.
You reflexively headbutt those who attack you in melee.


Message History

The arrow barely misses you.
The centaur wields a +0 shortbow.
The centaur shoots an arrow.
The arrow hits you but does no damage.
The centaur shoots an arrow.
The arrow hits you but does no damage.
The centaur wields a +0 shortbow.
The centaur shoots an arrow.
The arrow hits you but does no damage.
The centaur shoots an arrow.
The arrow barely misses you.
The centaur shoots an arrow.
The arrow barely misses you.
The centaur shoots an arrow.
The arrow completely misses you.
The centaur shoots an arrow.
The arrow hits you.
Found a ring mail.
The centaur shoots an arrow.
The arrow hits you!
The centaur shoots an arrow.
You block the arrow.
The centaur shoots an arrow.
The arrow closely misses you.
The centaur shoots an arrow.
The arrow hits you.
The centaur shoots an arrow.
The arrow closely misses you.
You see here 8 stones.
The centaur shoots an arrow.
The arrow hits you but does no damage.
The centaur shoots an arrow.
The arrow hits you!
The centaur shoots an arrow.
You block the arrow.
The centaur shoots an arrow.
The arrow hits you.
The centaur shoots an arrow.
You block the arrow.
The centaur shoots an arrow.
The arrow hits you but does no damage.
The centaur shoots an arrow.
The arrow barely misses you.
The centaur shoots an arrow.
The arrow barely misses you.
The centaur shoots an arrow.
The arrow hits you but does no damage.
The centaur shoots an arrow.
The arrow hits you but does no damage.
The centaur shoots an arrow.
You block the arrow.
The centaur shoots an arrow.
The arrow hits you but does no damage.
The centaur shoots an arrow.
The arrow barely misses you.
The centaur shoots an arrow.
The arrow hits you.
The centaur shoots an arrow.
The arrow completely misses you.
The centaur shoots an arrow.
The arrow hits you!
* * * LOW HITPOINT WARNING * * *
The centaur shoots an arrow.
The arrow hits you but does no damage.
The centaur shoots an arrow.
The arrow barely misses you.
The centaur shoots an arrow.
The arrow hits you!
* * * LOW HITPOINT WARNING * * *
The centaur shoots an arrow.
The arrow hits you but does no damage.
The centaur shoots an arrow.
The arrow hits you!
* * * LOW HITPOINT WARNING * * *
The centaur shoots an arrow.
The arrow hits you but does no damage.
The centaur shoots an arrow.
The arrow hits you!
You die...

###≈≈≈≈≈≈≈≈≈≈..#'#.
.##≈≈≈≈≈≈≈≈≈≈c.......≈≈≈
.##≈≈≈≈≈≈≈≈≈≈≈ccc...≈≈≈≈
...≈≈≈≈≈≈≈≈≈≈≈≈≈cc≈≈≈≈≈≈
##.#≈≈≈≈≈≈≈≈≈≈≈≈≈≈≈≈≈≈≈≈
#.....≈≈≈≈≈≈≈≈≈≈≈≈≈≈≈#
#####....#≈≈≈≈≈≈≈≈[.#
####...≈≈≈≈....#
###.(...@## ########


You could see 6 centaurs.

Vanquished Creatures
  Sigmund (D:4)
  2 water moccasins
  3 ice beasts
  8 orc warriors (Bailey)
  A sky beast (D:6)
  2 black bears
  2 phantoms
  A kobold brigand (D:7)
  2 bullfrogs (D:7)
  3 gnoll sergeants (D:7)
  2 scorpions
  4 howler monkeys
  4 hounds
  3 orc priests
  3 jellies
  A sleepcap (D:5)
  5 gnoll boudas
  3 iguanas
  Terence (D:2)
  4 orc wizards
  38 gnolls
  5 adders
  2 white imps
  3 ufetubi
  A worm (D:4)
  A dart slug (D:5)
  18 orcs
  An endoplasm (D:1)
  3 giant cockroaches
  26 goblins
  16 hobgoblins
  A jackal (D:7)
  8 ball pythons
  6 bats
  3 frilled lizards
  4 kobolds
  3 rats
194 creatures vanquished.

Vanquished Creatures (collateral kills)
  An orc warlord (Bailey)
  4 orc warriors (Bailey)
  A gnoll (Bailey)
  An orc (Bailey)
  A goblin (Bailey)
  A hobgoblin (Bailey)
9 creatures vanquished.

Vanquished Creatures (others)
  A sky beast (D:6)
1 creature vanquished.

Grand Total: 204 creatures vanquished

Notes
Turn   | Place    | Note
-------+----------+-------------------------------------------
     0 | D:1      | Edyrem the Minotaur Berserker began the quest for the Orb.
     0 | D:1      | Reached XP level 1. HP: 19/19 MP: 0/0
   125 | D:1      | Reached XP level 2. HP: 21/27 MP: 1/1
   490 | D:1      | Found a faded altar of an unknown god.
   994 | D:2      | Found a burning altar of Makhleb.
  1033 | D:2      | Reached skill level 3 in Armour
  1073 | D:2      | Identified the +1 sling "Botuhann" {heavy, Int+3}
  1310 | D:2      | Noticed Terence
  1329 | D:2      | Killed Terence
  1330 | D:2      | Reached XP level 3. HP: 4/33 MP: 2/2
  2054 | D:3      | Reached ** piety under Trog
  2055 | D:3      | Reached XP level 4. HP: 40/40 MP: 3/3
  2163 | D:3      | Reached skill level 4 in Armour
  2193 | D:3      | Reached XP level 5. HP: 39/47 MP: 4/4
  2704 | D:4      | Reached skill level 5 in Armour
  2809 | D:4      | Noticed Sigmund
  2822 | D:4      | Killed Sigmund
  2823 | D:4      | Reached skill level 5 in Fighting
  2823 | D:4      | Reached skill level 5 in Axes
  2823 | D:4      | Reached XP level 6. HP: 53/56 MP: 5/5
  2824 | D:4      | Found a white marble altar of Elyvilon.
  2888 | D:4      | Reached skill level 6 in Armour
  2910 | D:4      | Reached XP level 7. HP: 57/61 MP: 6/6
  2924 | D:4      | Found Suczots's One-of-a-Kind Rings.
  3289 | D:5      | Entered Level 5 of the Dungeon
  3395 | D:5      | Reached skill level 7 in Armour
  3406 | D:5      | Reached *** piety under Trog
  3595 | D:5      | Found Raschiosu's Antique Armour Shoppe.
  3635 | D:5      | Found a sacrificial altar of Ru.
  3683 | D:5      | Found a staircase to the Ecumenical Temple.
  3991 | D:6      | Reached skill level 8 in Armour
  3991 | D:6      | Reached XP level 8. HP: 69/71 MP: 7/7
  4111 | D:6      | Found an ancient bone altar of Kikubaaqudgha.
  4160 | D:6      | Reached skill level 9 in Armour
  4662 | D:7      | Found a flagged portal.
  4707 | Bailey   | Entered a bailey
  4722 | Bailey   | Reached **** piety under Trog
  4752 | Bailey   | Reached skill level 10 in Armour
  4759 | Bailey   | Reached XP level 9. HP: 53/81 MP: 8/8
  5165 | Bailey   | Noticed an orc warlord
  5180 | Bailey   | Killed an orc warlord
  5181 | Bailey   | Reached skill level 11 in Armour
  5187 | Bailey   | Reached skill level 12 in Armour
  5350 | D:7      | Reached XP level 10. HP: 91/91 MP: 9/9
  5455 | D:7      | Acquired a manual of Fighting
  5507 | D:7      | Found a broken altar of Ashenzari.
  5545 | D:7      | Reached ***** piety under Trog
  5551 | D:7      | Reached skill level 1 in Shields
  6075 | D:7      | Reached skill level 10 in Fighting
  6138 | D:4      | Bought the ring of the Stained Date {Slay+6 SInv} for 472
                  | gold pieces
  6266 | D:7      | Shot with an arrow by a centaur

Illustrated notes

Levels and vault maps discovered:
D:1:      enne_arrival_octagon_isle, layout_loops_ring,
          dreamdust_ecumenical_altar_grove
D:2:      layout_basic, basic_altar, minivault_5, uniq_terence
D:3:      layout_rooms
D:4:      layout_basic, mainiacjoe_overflow_small_starburst,
          nicolae_shop_unique_rings, uniq_sigmund
D:5:      layout_basic, nicolae_ru_great_annihilating_truth,
          minmay_temple_entry_junction, serial_shops, shop
D:6:      layout_cave_pools, kiku_gazebo_pond_becter, dk_noncrumbling_3
D:7:      layout_cave_pools, minmay_overflow_temple_star_hex,
          evilmike_ruin_ashenzari, serial_gnoll_camp, gnoll_camp_mini_hut,
          gnoll_camp_mini_basic, gnoll_camp_medium_02, gnoll_camp_mini_hut,
          gnoll_camp_medium_01, enter_bailey_5, centaur_isle

Skill      XL: |  1  2  3  4  5  6  7  8  9 10 |
---------------+-------------------------------+-----
Fighting       | 4 5 6 7 9 10 | 10.0
Axes           | 4 5 6 7 9 |  9.7
Armour         | 3 4 5 6 8 10 12 | 12.5
Dodging        | 3 |  3.2
Shields        | 2 |  2.7

Action                     |  1- 3 |  4- 6 |  7- 9 | 10-12 || total
---------------------------+-------+-------+-------+-------++-------
  Melee: Hand axe          |    67 |       |       |       ||    67
         Headbutt          |    14 |     9 |    29 |    13 ||    65
         Trident           |    13 |    76 |       |       ||    89
         Halberd           |       |     8 |   200 |    17 ||   225
         Broad axe         |       |       |       |    51 ||    51
   Fire: Sling             |     2 |       |       |       ||     2
 Invoke: Berserk           |     1 |       |       |     1 ||     2
         Trog's Hand       |       |       |     1 |       ||     1
         Brothers in Arms  |       |       |     1 |       ||     1
    Use: Scroll            |       |       |     4 |     2 ||     6
   Stab: Sleeping          |     1 |       |       |       ||     1
         Paralysed         |       |       |     1 |       ||     1
 Armour: Animal skin       |     4 |       |       |       ||     4
         Plate armour      |    18 |    51 |   146 |    74 ||   289
  Dodge: Dodged            |    36 |    29 |   110 |    48 ||   223
  Block: Kite shield       |       |       |       |    18 ||    18
         Buckler           |       |       |       |     4 ||     4

Table legend: (Time is in decaauts)
 A = Elapsed time spent in this place.
 B = Non-inter-level travel time spent in this place.
 C = Inter-level travel time spent in this place.
 D = Time resting spent in this place.
 E = Time spent auto-exploring this place.
 F = Levels seen in this place.
 G = Mean time per level.
                   A        B        C        D        E       F      G
               +--------+--------+--------+--------+--------+-----+--------+
         Total |   6397 |   6134 |    263 |    527 |   4284 |   8 |  799.6 |
       Dungeon |   5815 |   5552 |    263 |    446 |   4017 |   7 |  830.7 |
        Bailey |    581 |    581 |      0 |     81 |    267 |   1 |  581.0 |
               +--------+--------+--------+--------+--------+-----+--------+

Top non-repeatable levels by time:
     D:2: 1199 daAuts
     D:7: 1036 daAuts
     D:1: 830 daAuts
     D:4: 824 daAuts
     D:5: 728 daAuts
     D:6: 680 daAuts
  Bailey: 581 daAuts
     D:3: 515 daAuts
